Map: Templo óseo EE

Players

TATORREA

  • Race: Protoss Protoss
  • League: Silver
  • Spawn Location: 12:00

MrFercho

  • Race: Zerg Zerg
  • League: Silver
  • Spawn Location: 1:00

tigro

  • Race: Terran Terran
  • League: Bronze
  • Spawn Location: 3:00

DaRkSiDe

  • Race: Zerg Zerg
  • League: Gold
  • Spawn Location: 7:00

RawImprov

  • Race: Terran Terran
  • League: Silver
  • Spawn Location: 6:00

BlueRaja

  • Race: Protoss Protoss
  • Spawn Location: 7:00

VOD

Have the link to the VOD?

Description

Time

  • Played on: June 24, 2020, 9:53 p.m.
  • Length: 17:45
Show
View Real Time Build Order
Export as new Build Order

TATORREA Protoss 

Build Orders: Carriers 

Get SALT Encoding   

  12  0:02  Probe  
  13  0:15  Probe  
  14  0:26  Pylon  
  14  0:27  Probe  
  15  0:44  Probe  
  15  0:45  Gateway  
  16  1:04  Probe  
  16  1:09  Assimilator  
  17  1:15  Probe, Pylon  
  18  1:23  Probe  
  18  1:31  Probe  
  20  1:40  Cybernetics Core  
  20  1:41  Probe  
  20  1:43  Gateway  
  21  1:49  Probe  
  21  1:52  Assimilator  
  22  1:57  Pylon  
  22  1:58  Probe  
  23  2:10  Probe  
  23  2:22  Probe  
  24  2:32  Nexus  
  24  2:35  Probe  
  25  2:47  Probe, Warp Gate  
  25  2:51  Stalker  
  28  3:00  Stalker  
  28  3:02  Probe  
  31  3:14  Probe  
  31  3:19  Stargate  
  32  3:26  Probe  
  33  3:38  Stalker  
  33  3:39  Stalker  
  37  3:41  Probe  
  37  3:45  Probe  
  39  3:53  Probe  
  40  3:56  Assimilator  
  40  3:57  Probe  
  40  4:00  Assimilator  
  41  4:05  Probe  
  41  4:09  Probe  
  43  4:17  Probe  
  43  4:21  Probe  
  45  4:25  Fleet Beacon  
  45  4:29  Probe  
  46  4:33  Probe  
  47  4:42  Probe  
  47  4:45  Probe  
  49  4:55  Probe  
  49  4:59  Probe  
  51  5:04  Nexus  
  51  5:05  Pylon  
  51  5:07  Probe  
  51  5:08  Pylon  
  51  5:11  Probe  
  53  5:19  Probe  
  54  5:23  Probe, Stargate  
  54  5:25  Stargate  
  54  5:26  Stargate  
  55  5:31  Probe  
  55  5:35  Probe  
  48  5:45  Probe  
  48  5:47  Probe  
  48  5:57  Carrier  
  48  6:01  Tempest  
  59  6:23  Pylon  
  59  6:24  Carrier  
  59  6:26  Pylon, Carrier  
  59  6:29  Pylon  
  59  6:34  Tempest  
  75  7:01  Carrier  
  81  7:57  Nexus  
  81  8:08  Tempest, Assimilator  
  81  8:09  Assimilator  
  83  8:35  Probe x2  
  85  8:46  Pylon  
  85  8:48  Pylon  
  85  8:52  Pylon  
  85  8:55  Pylon  
  85  9:00  Probe, Pylon  
  86  9:04  Probe, Carrier  
  86  9:07  Carrier  
  86  9:08  Tempest, Carrier  
  110  9:13  Probe  
  110  9:16  Probe  
  112  9:21  Gateway  
  112  9:25  Probe  
  112  9:28  Probe  
  112  9:30  Probe  
  115  9:37  Probe  
  116  9:40  Probe  
  116  9:42  Probe  
  118  9:49  Probe  
  118  9:52  Probe  
  120  9:54  Probe  
  120  9:57  Nexus  
  120  9:58  Pylon  
  121  10:01  Probe, Pylon  
  121  10:04  Probe  
  121  10:05  Pylon  
  121  10:06  Probe  
  124  10:08  Tempest, Pylon, Carrier  
  124  10:11  Carrier  
  124  10:12  Pylon  
  141  10:16  Probe x2, Tempest  
  141  10:18  Probe  
  149  10:32  Cybernetics Core  
  149  10:34  Cybernetics Core  
  149  10:43  Assimilator  
  149  10:49  Assimilator  
  149  10:51  Carrier  
  155  10:59  Tempest  
  160  11:09  Nexus  
  160  11:10  Probe x4  
  163  11:11  Pylon  
  163  11:14  Pylon  
  108  13:02  Nexus  
  108  13:05  Tempest x2, Carrier x2  
  130  13:19  Probe x3  
  133  13:31  Probe x2  
  135  13:36  Pylon  
  135  13:40  Pylon  
  135  13:44  Pylon  
  135  13:48  Tempest, Pylon, Carrier  
  146  13:54  Pylon  
  146  13:57  Protoss Air Weapons Level 1  
  146  14:01  Pylon  
  146  14:05  Protoss Air Armor Level 1  
  146  14:09  Tempest, Carrier  
  157  14:22  Probe x4  
  161  14:31  Carrier  
  167  14:36  Probe x2  
  167  14:37  Probe x2  
  171  14:39  Nexus  
  171  14:41  Pylon  
  171  14:44  Pylon  
  171  14:52  Tempest, Carrier  
  182  15:13  Carrier  
  188  15:14  Probe x2  
  190  15:33  Assimilator  
  190  15:35  Tempest, Carrier  
  196  15:37  Assimilator  
  169  15:56  Carrier  
  120  16:10  Gateway  
  115  16:12  Gateway  
  115  16:15  Gateway  
  115  16:17  Tempest, Gateway  
  115  16:18  Carrier  
  120  16:19  Gateway  
  120  16:23  Gateway  
  120  16:25  Gateway  
  120  16:28  Gateway  
  120  16:32  Gateway  
  120  16:34  Gateway  
  120  16:36  Gateway  
  120  16:39  Tempest, Gateway  
  125  16:43  Gateway  
  118  16:47  Gateway  
  118  16:50  Gateway  
  118  16:52  Gateway  
  104  16:54  Gateway  
  104  17:00  Tempest  
  109  17:02  Twilight Council  
  100  17:16  Stalker  
  100  17:17  Stalker x2  
  100  17:20  Stalker  
  100  17:21  Stalker  
  106  17:24  Stalker  
  106  17:28  Stalker  
  79  17:40  Stalker x2  
  79  17:41  Stalker x4  
  84  17:45  Stalker  
Show
View Real Time Build Order
Export as new Build Order

MrFercho Zerg 

Build Orders: Pool First 

Get SALT Encoding   

  12  1:38  Overlord  
  12  1:39  Drone x2  
  14  1:43  Spawning Pool  
  13  1:51  Hatchery x2, Extractor  
  10  2:04  Drone x2  
  12  2:11  Drone  
  13  2:21  Drone  
  14  2:38  Drone  
  14  2:43  Queen  
  17  2:46  Overlord  
  17  2:54  Drone  
  18  3:03  Extractor  
  17  3:05  Metabolic Boost  
  17  3:08  Zergling x2  
  17  3:09  Zergling x4  
  20  3:14  Queen  
  20  3:16  Drone  
  20  3:18  Drone  
  24  3:26  Drone x2  
  26  3:37  Drone x2  
  26  3:39  Drone  
  29  3:50  Drone x3  
  29  3:54  Drone  
  33  4:04  Evolution Chamber  
  33  4:07  Drone x2  
  34  4:10  Drone  
  35  4:34  Drone x2  
  35  4:36  Hatchery  
  36  4:39  Zergling x2  
  36  4:41  Zergling x2  
  37  5:06  Drone  
  42  5:07  Drone x4  
  42  5:17  Hatchery  
  42  5:20  Extractor  
  40  5:28  Zerg Melee Weapons Level 1  
  37  5:57  Zergling x6  
  37  5:58  Zergling x14  
  47  6:07  Spine Crawler  
  47  6:09  Spine Crawler  
  35  6:27  Zergling x22  
  42  6:41  Roach Warren  
  40  7:08  Zergling x18  
  45  7:10  Overlord x2  
  39  7:53  Roach x5  
  39  7:54  Roach x4  
  57  8:00  Lair  
  57  8:09  Zerg Ground Armor Level 1  
  55  9:03  Zergling x16  
  38  9:26  Spire  
  37  9:34  Drone x8  
  37  9:35  Drone x3, Baneling Nest  
  37  9:38  Drone x3  
  50  10:18  Centrifical Hooks  
  50  10:23  Baneling  
  50  10:24  Baneling x15  
  50  10:29  Zerg Ground Armor Level 2  
  50  10:38  Extractor  
  50  10:40  Drone x4  
  53  10:51  Drone x3  
  56  11:09  Overseer  
  56  11:31  Mutalisk x3  
  56  11:32  Mutalisk  
  64  11:37  Overlord x3  
  56  11:46  Zergling x6  
  56  11:47  Zergling x10  
  64  12:14  Hatchery x2  
  64  12:15  Drone x3  
  65  12:18  Drone x7, Extractor x2  
  65  12:19  Extractor  
  65  12:21  Extractor  
  68  12:26  Baneling x13  
  62  13:02  Zergling x2  
  62  13:03  Zergling x16  
  71  13:22  Mutalisk x3  
  75  13:36  Drone x5  
  80  13:47  Zerg Flyer Weapons Level 1  
  80  13:58  Infestation Pit  
  79  14:10  Hydralisk Den  
  78  14:18  Spire  
  77  14:31  Drone  
  77  14:32  Drone x8  
  77  14:35  Drone x3  
  77  14:36  Drone x10  
  99  14:39  Overlord x5  
  84  15:14  Spine Crawler  
  84  15:15  Spine Crawler  
  84  15:16  Spine Crawler  
  84  15:19  Drone  
  84  15:21  Mutalisk x6  
  54  15:22  Mutalisk x6  
  65  15:41  Hydralisk  
  65  15:42  Hydralisk x6  
  79  16:05  Muscular Augments  
  79  16:09  Hydralisk x2  
  83  16:30  Hatchery  
  72  16:42  Hydralisk  
  72  16:43  Hydralisk  
  58  17:00  Drone  
  58  17:01  Drone x2  
Show
View Real Time Build Order
Export as new Build Order

tigro Terran 

Build Orders:  

Get SALT Encoding   

  12  0:04  SCV  
  13  0:16  SCV  
  14  0:25  Supply Depot  
  14  0:28  SCV  
  15  0:38  Refinery  
  15  0:47  SCV  
  16  0:53  Barracks  
  16  1:03  Refinery  
  16  1:04  SCV  
  17  1:16  SCV  
  18  1:22  Supply Depot  
  18  1:28  SCV  
  19  1:40  SCV, Marine  
  21  1:53  Barracks  
  21  1:57  SCV  
  21  1:58  Marine  
  23  2:09  SCV  
  24  2:16  Marine  
  24  2:21  SCV  
  26  2:34  Engineering Bay, Marine  
  26  2:37  Orbital Command  
  27  2:42  Barracks Reactor  
  27  2:45  Factory  
  27  2:52  Marine  
  28  3:26  Command Center  
  28  3:34  Factory Tech Lab  
  28  3:44  Starport  
  28  3:50  Terran Infantry Weapons Level 1  
  28  3:52  Barracks Tech Lab  
  28  4:17  Combat Shield  
  28  4:23  Starport  
  28  4:40  Refinery  
  27  5:04  Missile Turret  
  27  5:08  Medivac  
  27  5:13  Siege Tank  
  32  5:17  Starport Tech Lab  
  32  5:30  Missile Turret  
  32  5:33  SCV  
  33  5:36  Stimpack  
  33  5:44  Terran Infantry Armor Level 1  
  33  5:45  SCV  
  34  5:53  Missile Turret  
  34  5:55  Marine x3  
  38  5:57  SCV  
  31  6:09  SCV  
  32  6:13  Marine x3  
  32  6:31  Marine x3  
  30  6:48  Marine  
  30  6:49  Marine x2  
  33  6:58  Command Center  
  33  7:06  Marine x3  
  34  7:16  Concussive Shells  
  34  7:23  Starport Tech Lab  
  34  7:24  Marine x2  
  36  7:38  Hi-Sec Auto Tracking  
  36  7:46  Medivac  
  38  7:54  Medivac  
  40  8:14  Refinery  
  40  8:18  Fusion Core  
  36  8:24  Planetary Fortress  
  36  8:37  SCV  
  37  8:49  SCV, Refinery  
  38  9:01  SCV  
  39  9:04  Marine  
  39  9:05  Marine x2  
  39  9:06  Armory  
  42  9:13  SCV  
  43  9:22  Marine x3  
  43  9:23  Neosteel Armor  
  46  9:25  SCV  
  47  9:40  Marine x3  
  38  9:54  Siege Tank  
  38  9:58  Medivac x2, Marine x3  
  48  10:14  Supply Depot  
  48  10:16  Marine  
  49  10:36  Supply Depot  
  49  10:44  Marine x3  
  52  11:01  Supply Depot  
  52  11:02  Marine x3  
  55  11:19  Marine  
  55  11:20  Marine x2  
  55  11:25  Command Center  
  58  11:37  Marine x2  
  58  11:38  Marine  
  61  11:55  Marine x3  
  55  12:13  Marine x3  
  48  12:31  Marine x3  
  51  12:43  Battlecruiser  
  57  12:48  Marine  
  57  12:49  Marine x2  
  60  13:07  Marine  
  61  13:26  SCV  
  62  13:38  SCV  
  63  13:41  Terran Infantry Weapons Level 2  
  63  13:46  SCV  
  64  13:50  SCV  
  65  13:58  SCV  
  65  13:59  Marine  
  65  14:00  Marine x2  
  65  14:02  SCV  
  70  14:10  SCV  
  70  14:14  SCV  
  72  14:17  Marine x3  
  72  14:23  SCV  
  72  14:24  Refinery  
  76  14:31  SCV  
  76  14:35  SCV, Marine x3  
  81  14:43  SCV  
  82  14:48  Refinery  
  82  14:53  Marine x3  
  82  14:56  SCV  
  80  15:08  SCV, Weapon Refit  
  80  15:11  Terran Vehicle Weapons Level 1, Marine  
  82  15:20  SCV  
  52  15:47  Planetary Fortress  
  52  16:09  Marine  
  52  16:10  Marine x2  
  43  16:27  Marine x2  
  43  16:28  Marine  
  39  16:45  Marine x3  
  39  16:56  Medivac x2  
  43  17:03  Marine x3  
  38  17:21  Marine x2  
Show
View Real Time Build Order
Export as new Build Order

DaRkSiDe Zerg 

Build Orders: Hatch First 

Get SALT Encoding   

  12  0:01  Drone  
  13  0:19  Overlord  
  13  0:24  Drone  
  14  0:37  Drone x2  
  14  0:40  Drone  
  17  0:58  Hatchery, Drone  
  17  1:14  Spawning Pool  
  17  1:18  Drone  
  17  1:20  Drone  
  18  1:26  Drone  
  18  1:29  Extractor  
  18  1:34  Drone  
  19  1:47  Overlord  
  19  1:58  Drone  
  20  2:01  Queen  
  20  2:06  Roach Warren  
  21  2:09  Drone  
  21  2:10  Queen  
  21  2:13  Drone  
  25  2:25  Drone  
  26  2:32  Metabolic Boost  
  26  2:37  Overlord  
  26  2:40  Drone  
  27  2:48  Overlord  
  27  2:53  Roach x2  
  27  2:57  Drone x2  
  33  3:12  Overlord  
  33  3:19  Roach x3  
  39  3:26  Drone x4  
  43  3:30  Overlord  
  43  3:39  Extractor  
  42  3:43  Drone x3  
  42  3:45  Extractor  
  44  3:48  Drone x2  
  44  3:49  Drone  
  44  3:51  Drone x2  
  49  3:56  Drone x3  
  49  4:00  Overlord  
  52  4:08  Lair  
  52  4:10  Roach  
  52  4:13  Drone  
  55  4:22  Drone  
  56  4:26  Roach x3  
  56  4:27  Roach x2  
  56  4:29  Roach  
  68  5:02  Drone x2  
  68  5:03  Drone x4  
  68  5:05  Extractor  
  73  5:10  Zergling x6  
  73  5:13  Overlord x2  
  76  5:33  Spore Crawler  
  75  5:40  Hatchery  
  70  6:11  Roach x3  
  70  6:12  Roach x7  
  70  6:13  Roach x2  
  70  6:15  Overlord  
  70  6:17  Overlord x3  
  71  7:06  Queen  
  71  7:07  Drone x2  
  75  7:22  Queen  
  75  7:25  Drone x2  
  75  7:27  Roach x5  
  75  7:28  Roach x5  
  99  7:38  Evolution Chamber  
  99  7:41  Evolution Chamber  
  95  7:57  Drone x3  
  96  8:14  Spore Crawler x2, Spire  
  96  8:19  Drone x2, Extractor  
  84  8:20  Extractor  
  73  8:37  Drone x3  
  76  8:43  Overlord x3  
  76  8:49  Zerg Missile Weapons Level 1  
  76  8:50  Zerg Ground Armor Level 1  
  76  8:54  Hydralisk Den  
  75  8:56  Drone  
  72  9:19  Roach x2  
  72  9:20  Roach x6  
  72  9:21  Roach x6  
  72  9:22  Roach x3  
  102  9:28  Drone x4  
  102  9:29  Drone  
  107  9:37  Drone  
  108  9:39  Spore Crawler  
  108  9:43  Corruptor  
  108  9:44  Corruptor x6  
  121  9:52  Drone  
  122  9:54  Overlord  
  122  9:57  Grooved Spines  
  122  10:02  Zerg Flyer Weapons Level 1  
  122  10:05  Drone  
  122  10:06  Drone x2  
  125  10:16  Hatchery  
  124  10:49  Drone x3  
  127  10:50  Overlord  
  127  10:54  Zerg Missile Weapons Level 2  
  127  10:57  Corruptor x5  
  127  10:58  Hydralisk x6  
  127  10:59  Hydralisk x2  
  153  11:05  Overlord  
  153  11:07  Overlord  
  153  11:08  Muscular Augments  
  75  12:33  Queen  
  75  12:34  Drone x3  
  75  12:36  Zerg Ground Armor Level 2  
  72  12:46  Hydralisk x4  
  72  12:47  Roach x7, Hydralisk x7  
  72  12:48  Roach x6, Hydralisk  
  72  12:50  Overlord  
  122  13:25  Drone x3  
  125  13:31  Hydralisk  
  125  13:32  Roach x3, Hydralisk x6  
  125  13:33  Roach x4  
  153  14:03  Spore Crawler, Drone  
  153  14:04  Drone x3  
  153  14:05  Drone  
  153  14:07  Extractor  
  153  14:08  Extractor  
  155  14:13  Hydralisk  
  155  14:14  Roach x3, Hydralisk x5  
  155  14:15  Roach x5  
  155  14:17  Overlord x3  
  183  14:19  Overseer x3  
  183  14:22  Zerg Flyer Weapons Level 2  
  183  14:29  Drone  
  184  14:37  Drone x3  
  187  14:39  Drone x2  
  189  14:51  Zerg Melee Weapons Level 1  
  179  15:57  Roach x2, Hydralisk x6  
  175  15:58  Roach x4  
Show
View Real Time Build Order
Export as new Build Order

RawImprov Terran 

Build Orders:  

Get SALT Encoding   

  12  0:01  SCV  
  13  0:17  Supply Depot  
  13  0:20  SCV  
  14  0:33  SCV  
  15  0:36  Refinery  
  15  0:43  Barracks  
  15  0:45  SCV  
  16  0:58  SCV  
  17  1:05  Engineering Bay  
  17  1:10  SCV  
  18  1:23  SCV  
  19  1:32  Barracks Tech Lab  
  19  1:33  Barracks  
  19  1:38  Bunker  
  19  1:51  Refinery  
  19  1:52  SCV  
  20  1:54  Reaper  
  21  2:05  Concussive Shells, SCV  
  22  2:27  Barracks Tech Lab  
  22  2:42  Supply Depot  
  22  2:43  Terran Infantry Weapons Level 1  
  22  2:55  Marine  
  23  3:03  Supply Depot  
  23  3:04  Marauder  
  25  3:15  Marauder  
  27  3:23  Command Center  
  27  3:37  Marauder  
  29  3:41  Marine  
  30  3:51  Factory  
  30  3:58  Marauder  
  30  3:59  Marine  
  33  4:11  Stimpack  
  33  4:17  Marine  
  33  4:18  Supply Depot  
  33  4:19  Marine  
  35  4:34  Marine  
  36  4:58  Marine x2  
  37  5:09  Factory Reactor  
  37  5:14  Starport  
  37  5:17  Marauder x2  
  41  5:21  Barracks  
  41  5:26  SCV x2  
  43  5:38  Marine x2  
  43  5:41  SCV  
  46  5:55  Marine x2  
  48  6:13  Marine x2  
  41  6:34  Marine x3  
  41  6:39  Hellion x2  
  47  6:43  SCV x2  
  49  6:52  Marine x2  
  49  6:53  Marauder  
  47  7:00  Widow Mine x2  
  49  7:07  Medivac  
  51  7:10  Marauder, Marine  
  51  7:14  Combat Shield, Marauder  
  56  7:19  SCV  
  56  7:21  SCV  
  58  7:28  Marine  
  59  7:32  Marauder  
  59  7:35  Marine  
  62  7:50  Starport Reactor  
  62  7:56  Supply Depot x2  
  62  8:17  Marine x3  
  65  8:35  Marine x3  
  65  8:37  SCV x2  
  62  8:53  Marine  
  63  9:05  Command Center  
  60  9:21  SCV  
  60  9:22  SCV  
  62  9:27  Marine x3  
  62  9:30  Hellion x2  
  62  9:31  Medivac x2  
  73  9:33  SCV  
  73  9:34  SCV  
  75  9:38  Starport  
  75  9:45  Marine  
  76  9:46  Marauder, Barracks  
  76  9:51  Barracks  
  78  9:54  Orbital Command  
  78  9:55  Orbital Command  
  78  10:01  Terran Infantry Armor Level 1  
  78  10:16  Liberator x2  
  78  10:17  Marauder  
  86  10:23  Marine x2  
  88  10:38  Marine  
  89  10:48  Refinery  
  89  10:50  Refinery  
  89  10:58  Armory  
  89  11:02  Missile Turret  
  89  11:06  Missile Turret  
  89  11:07  Missile Turret  
  89  11:08  Missile Turret  
  89  11:09  Missile Turret  
  89  11:14  Starport Tech Lab  
  89  11:15  Supply Depot  
  89  11:16  Supply Depot  
  38  12:01  SCV  
  38  12:03  SCV x2  
  38  12:05  Marine x2  
  38  12:06  Marine x2  
  45  12:13  SCV  
  45  12:15  SCV  
  47  12:16  Barracks  
  47  12:17  Medivac x2  
  47  12:18  Barracks  
  47  12:20  Medivac  
  47  12:21  Barracks  
  53  12:26  SCV  
  54  12:32  Marine x2  
  54  12:33  Marine x3  
  59  12:43  Hellion  
  59  12:44  Hellion  
  63  12:45  Terran Infantry Weapons Level 2  
  63  12:46  Medivac  
  63  12:49  Terran Ship Weapons Level 1  
  65  12:58  Engineering Bay  
  65  13:04  Marine x2  
  67  13:06  Command Center  
  67  13:08  Barracks Reactor x2  
  67  13:23  Barracks Tech Lab  
  67  13:26  Barracks Reactor  
  67  13:27  Marine  
  67  13:28  Barracks Reactor, Marine, Barracks Tech Lab  
  69  13:45  Marine  
  69  13:46  Marauder  
  72  13:49  Supply Depot  
  72  13:50  Supply Depot  
  72  13:53  Supply Depot  
  72  13:54  Orbital Command  
  72  13:56  Supply Depot  
  72  14:04  Refinery  
  72  14:06  Refinery  
  72  14:07  SCV x2  
  74  14:10  Marine x4  
  74  14:12  Marauder  
  80  14:33  Marine x3  
  80  14:36  Marauder x3  
  80  14:37  Medivac x2  
  80  14:38  Medivac  
  88  15:03  Marine  
  88  15:04  Marine x3  
  88  15:05  Marauder x3  
  88  15:06  Marauder, Marine x3  
  102  15:09  Medivac x2  
  106  15:16  Hellion x2  
  110  15:29  Orbital Command  
  110  15:30  Factory  
  110  15:31  Factory, Marine x2  
  110  15:32  Marine x2  
  110  15:33  Marauder x2  
  118  16:00  Marine x3  
  118  16:01  Marine x2  
  118  16:02  Marauder x3  
  129  16:12  Marine x2  
  129  16:13  Marine  
  129  16:15  Marauder  
  129  16:16  Hellion x2  
  137  16:23  Marauder  
  139  16:30  Marine x3  
  142  16:38  Supply Depot x2  
  142  16:40  Medivac x2, Supply Depot  
  142  16:41  Marine x2  
  148  17:02  Supply Depot  
  147  17:08  Supply Depot  
  141  17:18  Marine x4  
  141  17:19  Marine  
  141  17:21  Marauder x2  
Show
View Real Time Build Order
Export as new Build Order

BlueRaja Protoss 

Build Orders:  

Get SALT Encoding   

  1  0:00  Probe  
  12  0:05  Probe  
  14  0:20  Pylon  
  14  0:23  Probe  
  15  0:38  Probe  
  15  0:40  Gateway  
  16  0:50  Probe  
  17  1:00  Assimilator  
  17  1:02  Probe  
  18  1:10  Pylon  
  18  1:14  Probe  
  19  1:20  Assimilator  
  19  1:26  Probe  
  19  1:30  Cybernetics Core  
  20  1:37  Probe  
  21  1:45  Probe  
  21  1:48  Zealot  
  21  1:53  Probe  
  25  2:06  Warp Gate  
  25  2:19  Nexus  
  25  2:23  Probe  
  26  2:31  Probe  
  26  2:33  Stalker  
  29  2:46  Gateway  
  29  2:55  Probe  
  30  3:05  Assimilator  
  30  3:08  Probe  
  30  3:09  Assimilator  
  31  3:20  Pylon  
  31  3:31  Probe, Stalker  
  31  3:34  Stalker  
  34  3:38  Probe  
  37  3:43  Probe  
  37  3:45  Pylon  
  38  3:50  Probe, Pylon  
  40  3:55  Probe  
  40  4:12  Probe, Stalker x2  
  45  4:20  Probe  
  45  4:21  Probe  
  45  4:29  Probe  
  45  4:30  Probe  
  47  4:36  Stalker  
  47  4:37  Stalker  
  53  4:39  Probe  
  53  4:41  Probe  
  55  4:49  Probe  
  55  4:51  Probe  
  56  4:57  Probe  
  57  5:01  Stalker x2  
  57  5:03  Probe  
  63  5:08  Probe  
  64  5:20  Probe  
  65  5:25  Nexus  
  65  5:28  Assimilator  
  65  5:30  Pylon  
  65  5:32  Assimilator  
  65  5:33  Probe  
  64  5:45  Probe  
  65  6:02  Probe  
  66  6:05  Probe  
  67  6:14  Probe  
  67  6:16  Stalker  
  67  6:17  Probe, Stalker  
  71  6:26  Probe  
  71  6:29  Probe  
  71  6:38  Probe  
  68  6:41  Probe  
  67  6:49  Probe  
  67  6:50  Probe  
  69  6:57  Probe  
  69  7:01  Probe  
  69  7:06  Robotics Facility  
  69  7:07  Probe, Robotics Facility  
  67  7:09  Probe, Robotics Facility  
  61  7:19  Probe x2  
  63  7:25  Forge  
  63  7:26  Forge  
  63  7:28  Forge  
  63  7:31  Probe  
  63  7:36  Nexus  
  64  7:43  Probe, Stalker x2  
  69  7:57  Protoss Shields Level 1, Protoss Ground Armor Level 1, Protoss Ground Weapons Level 1  
  69  8:04  Immortal x3  
  81  8:19  Probe  
  81  8:25  Probe  
  83  8:27  Probe  
  84  8:37  Probe  
  85  8:43  Gateway  
  85  8:44  Gateway  
  85  8:47  Gateway  
  81  8:53  Gateway  
  81  8:56  Pylon  
  81  8:58  Stalker  
  81  8:59  Stalker  
  64  9:26  Probe  
  64  9:29  Probe  
  65  9:33  Probe  
  65  9:34  Probe  
  65  9:37  Probe  
  65  9:38  Immortal x2  
  68  9:39  Immortal  
  68  9:43  Probe, Stalker x2  
  68  9:44  Stalker x2  
  68  9:45  Probe, Stalker  
  79  9:46  Probe  
  79  9:50  Stalker  
  96  9:55  Probe  
  96  9:57  Probe  
  96  9:58  Probe  
  99  10:08  Probe, Robotics Facility  
  99  10:09  Probe  
  99  10:10  Probe  
  99  10:13  Robotics Facility  
  102  10:17  Probe  
  102  10:22  Probe  
  102  10:24  Stalker x2  
  102  10:25  Stalker x3  
  102  10:26  Stalker  
  116  10:31  Pylon  
  116  10:32  Pylon  
  116  10:35  Pylon  
  116  10:39  Pylon  
  116  10:42  Pylon  
  116  10:44  Pylon  
  116  10:49  Probe  
  117  10:50  Twilight Council  
  117  10:54  Immortal  
  117  10:55  Immortal x2, Stalker x2  
  117  10:56  Stalker  
  123  10:57  Stalker x2  
  123  10:58  Stalker  
  123  11:00  Immortal  
  123  11:01  Probe  
  142  11:05  Immortal  
  150  11:13  Probe  
  145  12:14  Protoss Shields Level 2  
  129  12:16  Protoss Ground Weapons Level 2, Protoss Ground Armor Level 2  
  129  12:22  Stalker x3  
  121  12:23  Stalker x3  
  79  13:05  Stalker x3  
  83  13:06  Stalker x3  
  91  13:14  Immortal x3  
  91  13:15  Immortal x2  
  91  13:17  Probe  
  111  13:25  Probe, Assimilator  
  112  13:29  Assimilator  
  112  13:31  Stalker x3  
  112  13:32  Stalker x2  
  112  13:33  Stalker  
  125  13:35  Probe  
  126  13:47  Probe  
  127  13:54  Stalker  
  127  13:55  Stalker x3  
  133  13:56  Stalker  
  133  13:57  Stalker  
  133  13:59  Probe  
  140  14:04  Immortal x4  
  140  14:05  Immortal  
  140  14:08  Probe  
  160  14:16  Probe  
  161  14:22  Stalker  
  164  14:41  Pylon  
  164  14:42  Pylon  
  164  14:43  Pylon  
  164  14:44  Pylon x2  
  164  14:47  Pylon  
  164  14:48  Pylon  
  164  14:51  Pylon  
  164  14:59  Probe  
  165  15:11  Probe, Stalker x3  
  165  15:12  Stalker x2  
  165  15:13  Stalker  
  178  15:23  Probe  
  141  16:26  Stalker  
  141  16:27  Stalker x3  
  141  16:28  Stalker x2  
  141  16:31  Immortal x5  
Tags
 
Add a new tag
Caveats
  • Supply blocks, unpowered buildings, or Contaminate may cause inaccurate times.
  • Supply counts are checked every 10 seconds.